 Dungeon Sprint DCSS version 0.30-a0-177-g1cb5dbfd7a (webtiles) character file.

Game seed: 16633720510264441389

1382 rocky1 the Basher (level 8, 0/139 HPs)
             Began as an Ogre Gladiator on Oct 3, 2022.
             Was an Elder of Okawaru.
             Slain by a spriggan
             ... wielding a +0 rapier
              (11 damage)
             ... in the Dungeon (Sprint VII: "The Pits").
             The game lasted 00:02:39 (723 turns).

rocky1 the Basher (Ogre Gladiator)                   Turns: 723, Time: 00:02:40

Health: 0/139      AC:  3    Str: 21    XL:     8   Next: 67%
Magic:  11/13      EV: 12    Int:  9    God:    Okawaru [****..]
Gold:   0          SH:  0    Dex: 10    Spells: 7/7 levels left

rFire   . . .      SeeInvis .    o - +2 flail (vorpal)
rCold   . . .      Faith    .    (no shield)
rNeg    . . .      Spirit   .    b - +0 robe
rPois   .          Reflect  .    c - +0 hat
rElec   .          Harm     .    (no cloak)
rCorr   .          Rampage  .    (gloves unavailable)
Will    .....      NoTele   +    (boots unavailable)
Stlth   ..........               (no amulet)
HPRegen 0.43/turn                (no ring)
MPRegen 0.13/turn                (no ring)

@: berserking (expiring), very quick
A: large, unfitting armour, tough skin 1
a: Renounce Religion, Heroism, Finesse


You were in the Dungeon.
You worshipped Okawaru.
Okawaru was greatly pleased with you.
You visited 1 branch

Inventory:

Hand Weapons
 a - a +2 quarterstaff of speed
 o - a +2 vorpal flail (weapon)
Missiles
 d - 3 throwing nets (quivered)
 e - a large rock
Armour
 b - a +0 robe (worn)
 c - a +0 hat (worn)
Wands
 p - a wand of iceblast (1)
Scrolls
 k - a scroll of blinking
 m - 5 scrolls of amnesia
 n - a scroll of summoning
Potions
 f - 6 potions of curing
 g - 2 potions of heal wounds
 h - a potion of haste
 i - 4 potions of magic
 j - 2 potions of berserk rage
 l - 2 potions of invisibility


   Skills:
 + Level 10.0 Fighting
 * Level 10.0(10.6) Maces & Flails
 + Level 5.9(9.2) Staves
 - Level 2.0 Throwing
 + Level 5.8 Armour
 + Level 7.3 Dodging
 + Level 7.7 Invocations


You had 7 spell levels left.
You didn't know any spells.
Your spell library was empty.

Dungeon Overview and Level Annotations

Branches:
Dungeon (1/1)

Altars:
Ashenzari
Cheibriados
Dithmenos
Elyvilon
Fedhas
Gozag
Hepliaklqana
Kikubaaqudgha
Makhleb
Nemelex Xobeh
Okawaru
Qazlal
Ru
Sif Muna
Trog
Uskayaw
Vehumet
Wu Jian
Xom
Yredelemnul
Zin
The Shining One
Jiyva
Lugonu

Annotations:
D Dowan


Innate Abilities, Weirdness & Mutations

You are too large for most types of armour.
You have tough skin. (AC +1)


Message History

You thump the anaconda!
You kill the anaconda!
Okawaru is honoured by your kill.
Okawaru will now gift you throwing weapons as you gain piety.
Duvessa gestures with her weapon.
Your Fighting skill increases to level 9!
Your base Maces & Flails skill increases to level 9!
Your base Staves skill increases to level 5!
Your Armour skill increases to level 5!
Your Dodging skill increases to level 7!
Your Invocations skill increases to level 7!
You have reached level 8!
You sock Duvessa!
Duvessa is moderately wounded.
Duvessa hits you with a +3 short sword!
* * * LOW HITPOINT WARNING * * *
You thump Duvessa!
Duvessa is severely wounded.
Duvessa hits you with a +3 short sword!
* * * LOW HITPOINT WARNING * * *
You hit Duvessa.
Duvessa is severely wounded.
You bludgeon Duvessa!!
You kill Duvessa!
Okawaru accepts your kill.
You can now speed up your combat.
Dowan seems overcome with grief.
Dowan seems to find hidden reserves of power!
Your Fighting skill increases to level 10!
Your Maces & Flails skill increases to level 10!
You miss the spriggan. You sock the spriggan!
The spriggan is moderately wounded.
The spriggan hits you with a +0 rapier!
* * * LOW HITPOINT WARNING * * *
Dowan mumbles some strange words.
Dowan blinks!
You sock the spriggan!
The spriggan is almost dead.
Dowan barely misses you. The spriggan hits you with a +0 rapier!
You die...

#.#...†.#.)##.......#
#.##'####))##.......#
#.#.††..#..##.......#
#.#.....#'###...<...#
#.#........##.......#
#.#........##.......#
#)###########.......#
#..#.#.##e.##########
#.......#@#
##.#.#.##i#
#.......#§#
##.#.#.##.'..S.+
#.......#†#....#
##.#.#..'.#....#
########## ####


You could see a spriggan and Dowan (fast).

Vanquished Creatures
  An anaconda (D)
  Menkaure (D)
  A warg (D)
  A floating eye (D)
  Duvessa (D)
  A black bear (D)
  A kobold brigand (D)
  A necrophage (D)
  A hound (D)
  An iron imp (D)
  Ijyb (D)
  An orc wizard (D)
  A mummy (D)
  An adder (D)
  A river rat (D)
  A white imp (D)
  2 orcs (D)
  2 ball pythons (D)
  2 giant cockroaches (D)
  A goblin (D)
  A hobgoblin (D)
  3 jackals (D)
27 creatures vanquished.

Notes
Turn   | Place    | Note
-------+----------+-------------------------------------------
     0 | D        | rocky1 the Ogre Gladiator began the quest for the Orb.
     0 | D        | Reached XP level 1. HP: 22/22 MP: 1/1
    18 | D        | Reached XP level 2. HP: 23/32 MP: 2/2
    91 | D        | Found a bloodstained altar of Trog.
    91 | D        | Found a shimmering blue altar of Sif Muna.
    91 | D        | Found a viscous altar of Jiyva.
    91 | D        | Found a hazy altar of Hepliaklqana.
    91 | D        | Found an opulent altar of Gozag.
    92 | D        | Found a glowing golden altar of the Shining One.
    92 | D        | Found a glowing silver altar of Zin.
    92 | D        | Found a basalt altar of Yredelemnul.
    92 | D        | Found a shimmering altar of Xom.
    92 | D        | Found an ornate altar of the Wu Jian Council.
    92 | D        | Found a sacrificial altar of Ru.
    92 | D        | Found a stormy altar of Qazlal.
    92 | D        | Found an iron altar of Okawaru.
    92 | D        | Found a sparkling altar of Nemelex Xobeh.
    92 | D        | Found a burning altar of Makhleb.
    92 | D        | Found a blossoming altar of Fedhas.
    92 | D        | Found a white marble altar of Elyvilon.
    92 | D        | Found a shadowy altar of Dithmenos.
    92 | D        | Found a snail-covered altar of Cheibriados.
    94 | D        | Found a radiant altar of Vehumet.
    94 | D        | Found a corrupted altar of Lugonu.
    95 | D        | Found a hide-covered altar of Uskayaw.
    95 | D        | Found an ancient bone altar of Kikubaaqudgha.
    95 | D        | Found a broken altar of Ashenzari.
   100 | D        | Became a worshipper of Warmaster Okawaru
   114 | D        | Noticed a floating eye
   116 | D        | Paralysed by a floating eye for 2 turns
   121 | D        | Killed a floating eye
   121 | D        | Reached * piety under Okawaru
   122 | D        | Reached skill level 5 in Fighting
   122 | D        | Reached skill level 5 in Maces & Flails
   122 | D        | Reached XP level 3. HP: 41/44 MP: 2/5
   122 | D        | Reached XP level 4. HP: 49/52 MP: 2/6
   173 | D        | Reached XP level 5. HP: 50/59 MP: 7/7
   307 | D        | Noticed a black bear
   307 | D        | Noticed a kobold brigand
   311 | D        | Noticed Menkaure
   316 | D        | Reached skill level 1 in Staves
   316 | D        | Reached skill level 5 in Dodging
   319 | D        | Killed a kobold brigand
   320 | D        | Reached XP level 6. HP: 36/71 MP: 6/9
   330 | D        | Killed a black bear
   331 | D        | Reached skill level 5 in Invocations
   338 | D        | Reached ** piety under Okawaru
   347 | D        | Killed Menkaure
   348 | D        | Reached XP level 7. HP: 37/80 MP: 9/11
   530 | D        | Noticed a warg
   537 | D        | Killed a warg
   665 | D        | Noticed Ijyb
   680 | D        | Killed Ijyb
   703 | D        | Noticed Dowan
   703 | D        | Noticed an anaconda
   703 | D        | Noticed a spriggan
   706 | D        | Noticed Duvessa
   716 | D        | Killed an anaconda
   716 | D        | Reached *** piety under Okawaru
   717 | D        | Reached skill level 5 in Staves
   717 | D        | Reached skill level 5 in Armour
   717 | D        | Reached XP level 8. HP: 42/93 MP: 11/13
   720 | D        | Killed Duvessa
   720 | D        | Reached **** piety under Okawaru
   721 | D        | Reached skill level 10 in Fighting
   721 | D        | Reached skill level 10 in Maces & Flails
   723 | D        | Slain by a spriggan

Illustrated notes

Levels and vault maps discovered:
D:        pitsprint [storerooms_1, entrance_room_1, metal_vault_1, armoury_2,
          mini_pit_1, grid_room_1, main_hall_1, silver_pit, the_coven_1,
          the_vestibule_1, steel_vault_3, golden_pit, hallway_of_sentries,
          crystal_vault_6, iron_vault_4, final_vault]

Skill      XL: |  1  2  3  4  5  6  7  8 |
---------------+-------------------------+-----
Fighting       | 3 5 7 8 9 10 | 10.0
Maces & Flails | 3 5 7 8 9 10 | 10.0
Dodging        | 3 4 5 6 7 |  7.3
Armour         | 2 3 4 5 |  5.8
Invocations    | 3 4 5 7 |  7.7
Staves         | 2 3 5 |  5.9
Throwing       | |  2.0

Action                   |  1- 3 |  4- 6 |  7- 9 || total
-------------------------+-------+-------+-------++-------
Melee: Flail             |    11 |    52 |    46 ||   109
       Punch             |       |     2 |       ||     2
Invok: Heroism           |       |     1 |       ||     1
  Use: Potion            |       |     4 |     1 ||     5
Armor: Robe              |     3 |    21 |     3 ||    27
Dodge: Dodged            |     3 |    37 |    21 ||    61

Table legend: (Time is in decaauts)
 A = Elapsed time spent in this place.
 B = Non-inter-level travel time spent in this place.
 C = Inter-level travel time spent in this place.
 D = Time resting spent in this place.
 E = Time spent auto-exploring this place.
 F = Levels seen in this place.
 G = Mean time per level.
                   A        B        C        D        E       F      G
               +--------+--------+--------+--------+--------+-----+--------+
         Total |    723 |    705 |     18 |    444 |      0 |   1 |  723.0 |
       Dungeon |    723 |    705 |     18 |    444 |      0 |   1 |  723.0 |
               +--------+--------+--------+--------+--------+-----+--------+

Top non-repeatable levels by time:
       D: 723 daAuts
